Map: Lerilak Crest

Players

LilDicky - Winner!

  • Race: Terran Terran
  • League: Diamond

MollyWater

  • Race: Zerg Zerg
  • League: Platinum

VOD

http://www.twitch.tv/tumescentpie

Description

Time

  • Played on: Jan. 2, 2016, 11:43 p.m.
  • Length: 18:58
Show
View Real Time Build Order
Export as new Build Order

LilDicky Terran - Winner!

Build Orders: Command Center First (CC), MMM Bio 

Get SALT Encoding   

  12  0:01  SCV  
  13  0:13  SCV  
  14  0:21  Supply Depot  
  14  0:25  SCV  
  15  0:43  SCV  
  16  0:55  SCV  
  17  1:07  SCV  
  18  1:11  Command Center  
  18  1:19  SCV  
  18  1:24  Barracks  
  19  1:27  Refinery  
  19  1:31  SCV  
  20  1:43  SCV  
  21  1:58  SCV  
  22  2:07  Command Center  
  23  2:17  Reaper, Orbital Command  
  23  2:26  Supply Depot  
  23  2:29  Orbital Command  
  24  2:44  SCV  
  24  2:51  Barracks Tech Lab, Barracks  
  24  2:58  SCV  
  24  2:59  SCV  
  26  3:09  Stimpack  
  26  3:10  SCV, Marine  
  26  3:11  SCV  
  29  3:16  Barracks  
  29  3:21  Orbital Command  
  29  3:23  SCV  
  30  3:28  SCV  
  30  3:30  Marine  
  30  3:33  Bunker  
  32  3:48  Barracks Tech Lab  
  32  3:53  Marauder  
  32  3:55  SCV  
  35  4:01  SCV x2  
  36  4:04  Barracks Reactor  
  36  4:05  Barracks  
  36  4:08  Barracks  
  36  4:10  Barracks  
  36  4:11  SCV, Barracks  
  36  4:12  Refinery  
  36  4:13  Combat Shields  
  37  4:17  SCV  
  37  4:21  SCV  
  37  4:23  SCV  
  40  4:25  Marauder  
  42  4:31  SCV  
  42  4:35  Supply Depot  
  42  4:36  SCV x2  
  45  4:46  Marauder x2  
  45  4:48  Marine x2  
  45  4:50  SCV  
  52  4:56  Bunker  
  52  4:59  SCV  
  53  5:02  SCV  
  53  5:03  SCV  
  55  5:07  Marauder x2  
  55  5:09  Barracks Reactor  
  55  5:10  Barracks Tech Lab x2  
  55  5:11  Supply Depot, Barracks Tech Lab  
  59  5:14  SCV  
  59  5:15  Orbital Command  
  59  5:16  Bunker  
  59  5:17  Refinery, Marine x2  
  62  5:21  SCV  
  63  5:33  Marauder, Marine x2  
  63  5:34  Supply Depot, Marauder  
  63  5:35  Marine  
  70  5:36  SCV x2  
  70  5:41  Concussive Shells  
  72  5:48  SCV  
  73  5:52  Marauder x2  
  73  5:56  Marauder x2, Marine x2  
  83  6:00  Supply Depot  
  83  6:04  Supply Depot  
  83  6:06  SCV  
  83  6:11  Supply Depot  
  84  6:12  Supply Depot, Marine  
  84  6:17  Factory  
  85  6:21  Marine x3  
  85  6:22  SCV, Marauder x2  
  96  6:25  SCV  
  96  6:26  Marauder  
  96  6:28  Supply Depot  
  96  6:29  Engineering Bay  
  100  6:32  Marauder  
  100  6:33  Marauder  
  100  6:34  Marine  
  100  6:37  Supply Depot  
  100  6:39  Marine x2  
  103  6:43  Marauder  
  103  6:44  Engineering Bay, Marine x2  
  109  6:47  Marauder  
  109  6:56  Terran Infantry Weapons Level 1  
  109  6:58  SCV x2  
  109  7:01  Marauder x2, Marine x3  
  115  7:02  Marine  
  118  7:09  SCV  
  118  7:10  SCV  
  118  7:13  SCV  
  118  7:14  Marauder, Marine  
  118  7:15  Marauder  
  126  7:16  Refinery  
  126  7:17  Factory Reactor  
  126  7:19  Marine x2  
  126  7:22  SCV  
  129  7:23  Marauder x2  
  129  7:25  Starport  
  129  7:28  Supply Depot  
  133  7:30  Supply Depot  
  133  7:32  Terran Infantry Armor Level 1  
  133  7:35  Supply Depot  
  133  7:38  Armory  
  133  7:40  Missile Turret  
  133  7:49  Marine x2  
  135  7:54  Supply Depot  
  135  7:56  Missile Turret  
  135  7:58  Missile Turret, Marine x2  
  135  7:59  Marine x4  
  135  8:05  SCV  
  142  8:08  Missile Turret  
  142  8:11  Marine  
  142  8:12  Marauder, Marine  
  146  8:16  Marine x2  
  146  8:17  Marauder, Marine x2  
  116  8:47  Medivac x2  
  116  8:48  Widow Mine  
  116  8:51  Marine x5  
  116  8:52  Marauder, Marine  
  116  8:53  Marauder x2  
  116  8:54  Terran Infantry Weapons Level 2  
  130  9:03  Command Center, Refinery  
  130  9:04  Refinery  
  130  9:11  Marine x2  
  130  9:12  Marine, Marauder  
  130  9:13  Marauder, Marine x2  
  130  9:14  Marauder x2  
  143  9:22  Command Center, Medivac x2  
  143  9:23  SCV x2  
  149  9:28  Supply Depot  
  149  9:29  Marine x2  
  149  9:30  SCV, Marine x2  
  149  9:31  Supply Depot  
  154  9:32  Marauder  
  154  9:33  Terran Infantry Armor Level 2  
  154  9:34  Marauder  
  154  9:35  SCV, Marauder, Marine x2  
  163  9:49  Marine  
  163  9:50  Marine x3  
  163  9:51  Widow Mine  
  169  9:52  Medivac, Marine  
  169  9:53  Marauder, Marine  
  169  9:55  Medivac  
  169  9:56  SCV  
  168  10:15  Marine x2  
  168  10:16  Marauder  
  158  10:27  Missile Turret  
  156  10:29  Marine  
  156  10:30  Marine x2  
  138  10:46  Marine x4  
  138  10:49  Marine x4  
  115  10:50  Marauder  
  115  10:54  Missile Turret  
  118  11:03  Missile Turret  
  118  11:05  Marine x2, Marauder  
  118  11:06  Marauder  
  118  11:08  Marauder  
  124  11:14  Marine x2  
  124  11:15  Marauder x2  
  124  11:16  Missile Turret  
  124  11:18  Missile Turret  
  119  11:30  Planetary Fortress  
  119  11:36  Missile Turret  
  119  11:37  Missile Turret  
  119  11:38  Marine x2  
  119  11:39  Marauder x2  
  125  11:42  Command Center, Terran Infantry Weapons Level 3  
  125  11:44  Marine  
  125  11:45  Sensor Tower  
  126  11:57  Supply Depot  
  126  11:59  Command Center  
  126  12:00  Marine x2  
  130  12:01  Marauder  
  104  12:28  Marine x3  
  104  12:29  Marauder x3  
  90  12:33  Marine x3  
  80  12:37  Medivac x2  
  80  12:44  SCV  
  85  12:46  Marine x3  
  85  12:51  Marauder x4  
  96  12:55  SCV x2  
  96  12:56  SCV  
  98  13:07  SCV x2, Medivac  
  98  13:08  SCV  
  98  13:10  Marine  
  98  13:11  Marine x3  
  98  13:12  Marauder  
  109  13:20  SCV  
  109  13:22  Terran Infantry Armor Level 3  
  109  13:25  Marine  
  111  13:32  SCV  
  112  13:35  Planetary Fortress  
  112  13:38  Marine  
  112  13:39  Marine  
  108  14:30  Marine  
  108  14:31  Marine x6  
  99  14:32  Medivac x2  
  99  14:36  Planetary Fortress  
  109  14:42  Refinery  
  109  14:43  Refinery  
  109  14:45  Missile Turret x2  
  102  14:46  Missile Turret, Marine x2  
  102  14:48  Marine  
  102  14:49  Marine x6  
  111  14:55  Liberator  
  111  14:59  SCV  
  113  15:00  SCV  
  113  15:02  Medivac  
  113  15:04  Marine x2  
  113  15:06  Marine  
  113  15:07  Marauder x2, Marine x4  
  129  15:15  Liberator  
  129  15:21  Marine  
  129  15:22  Marine  
  129  15:24  Marine x4  
  129  15:25  SCV, Marauder  
  129  15:27  Command Center  
  129  15:28  Marine x2  
  143  15:39  Marine  
  143  15:40  Marine  
  143  15:42  Marine  
  146  15:46  Marauder  
  146  15:53  Marine x2  
  146  15:54  Marine x3  
  137  15:57  Marine  
  137  15:58  Marine  
  137  15:59  Marine  
  140  16:05  Bunker  
  140  16:07  Bunker, Marine  
  140  16:09  Bunker  
  141  16:12  Marauder  
  82  17:16  Marine  
  82  17:17  Marine x8  
  91  17:34  Marine x3  
  90  17:40  Marine x3  
  93  17:53  Marine x2  
  93  17:54  Marine x2  
  94  18:28  Marine x2  
  94  18:32  Marine x2  
  94  18:33  Marauder, Marine x2  
  94  18:34  Marauder x2  
Show
View Real Time Build Order
Export as new Build Order

MollyWater Zerg 

Build Orders: Pool First, Lurkers 

Get SALT Encoding   

  12  0:01  Drone  
  13  0:11  Drone  
  14  0:27  Spawning Pool  
  13  0:34  Overlord  
  13  0:39  Drone  
  14  1:05  Hatchery  
  14  1:07  Drone  
  14  1:12  Drone  
  15  1:21  Drone  
  15  1:25  Drone  
  17  1:31  Queen  
  19  1:42  Overlord  
  19  1:50  Roach Warren  
  18  1:55  Drone, Extractor  
  18  1:56  Extractor  
  18  2:01  Drone  
  18  2:05  Drone  
  19  2:18  Drone  
  20  2:23  Drone  
  20  2:26  Queen  
  20  2:28  Drone  
  24  2:36  Drone  
  25  2:37  Drone  
  26  2:45  Overlord  
  26  2:48  Drone  
  27  2:56  Drone  
  27  2:57  Drone  
  29  3:06  Drone  
  29  3:12  Roach x2  
  34  3:14  Roach  
  36  3:23  Roach x2  
  36  3:26  Roach  
  42  3:32  Overlord  
  42  3:35  Roach  
  46  4:03  Roach x4  
  46  4:04  Overlord x2  
  52  4:12  Lair  
  52  4:25  Ravager x4  
  52  4:28  Drone x5  
  52  4:30  Drone  
  63  4:38  Drone  
  63  4:39  Drone x2  
  63  4:43  Drone  
  66  4:54  Drone x2  
  66  4:56  Overlord x2  
  68  5:13  Hydralisk Den  
  68  5:14  Glial Reconstitution  
  67  5:17  Hatchery  
  67  5:21  Evolution Chamber, Drone  
  66  5:22  Evolution Chamber  
  66  5:23  Drone  
  66  5:25  Drone  
  67  5:34  Drone x2, Extractor  
  67  5:35  Drone x2, Extractor  
  69  5:40  Queen  
  71  5:49  Zerg Ground Armor Level 1  
  71  5:50  Zerg Missile Weapons Level 1  
  71  5:55  Roach  
  71  5:56  Roach  
  75  6:02  Drone x4  
  75  6:03  Drone  
  80  6:10  Drone  
  80  6:11  Drone  
  82  6:28  Hydralisk x2  
  82  6:29  Roach x2  
  82  6:30  Overlord x3  
  90  6:35  Overlord, Lurker Den  
  90  6:41  Spore Crawler  
  89  7:07  Hydralisk x5, Roach  
  89  7:08  Roach x4  
  109  7:13  Drone x3  
  112  7:20  Hydralisk  
  114  7:22  Overlord  
  114  7:23  Overlord  
  114  7:31  Spine Crawler  
  113  7:38  Drone  
  113  7:42  Overlord  
  113  7:43  Overlord x2  
  114  7:44  Spine Crawler  
  113  7:51  Spore Crawler  
  113  7:52  Hydralisk  
  113  7:53  Roach x3  
  120  8:09  Muscular Augments  
  120  8:13  Lurker x3  
  120  8:14  Lurker  
  120  8:19  Overseer  
  93  8:43  Hydralisk x3, Roach  
  93  8:44  Roach x4  
  109  8:58  Hydralisk x2  
  109  8:59  Roach x3  
  119  9:06  Extractor  
  119  9:07  Drone x4  
  119  9:08  Drone x2  
  119  9:09  Extractor  
  123  9:10  Drone x2  
  127  9:31  Hydralisk x3, Roach x3  
  127  9:32  Roach  
  127  9:36  Lurker  
  127  9:37  Hatchery  
  139  9:39  Ravager  
  139  9:40  Overlord  
  139  9:41  Overlord  
  122  10:49  Hydralisk x3  
  118  10:50  Roach x2  
  126  11:05  Hydralisk x3, Roach  
  126  11:06  Roach x3  
  138  11:11  Hatchery  
  127  11:31  Hydralisk x3, Roach  
  127  11:32  Roach x2  
  139  11:33  Lurker  
  140  11:41  Zerg Ground Armor Level 2, Zerg Missile Weapons Level 2  
  138  12:17  Hatchery  
  138  12:18  Drone x2  
  138  12:19  Drone  
  109  12:30  Hydralisk  
  109  12:31  Hydralisk x3, Roach x2  
  109  12:32  Roach x3  
  127  12:44  Hydralisk  
  127  12:45  Roach  
  131  12:53  Queen  
  131  12:54  Drone  
  131  12:55  Drone x2  
  136  13:03  Hydralisk  
  136  13:04  Roach  
  136  13:07  Overseer  
  136  13:08  Spine Crawler  
  136  13:11  Spine Crawler  
  134  13:15  Extractor  
  134  13:17  Spine Crawler, Extractor  
  131  13:22  Hydralisk x3, Roach  
  131  13:23  Roach x3  
  131  13:24  Overlord x2  
  145  13:38  Hydralisk  
  145  13:39  Roach x2  
  151  13:41  Ravager  
  151  13:42  Ravager  
  151  13:43  Ravager x3  
  151  13:46  Lurker  
  149  14:11  Drone  
  149  14:12  Drone x2  
  150  14:36  Infestation Pit  
  145  14:58  Spore Crawler  
  144  15:03  Overseer  
  144  15:06  Lurker  
  145  15:07  Lurker  
  145  15:08  Lurker x2  
  148  15:14  Hydralisk  
  150  15:28  Drone  
  151  15:35  Drone x2  
  147  16:20  Hydralisk x3, Roach x2  
  147  16:21  Roach  
  147  16:22  Roach  
  148  16:40  Lair  
  142  16:59  Extractor  
  141  17:12  Overlord x3  
  134  18:13  Drone x3  
Tags
 
Add a new tag
Caveats
  • Supply blocks, unpowered buildings, or Contaminate may cause inaccurate times.
  • Supply counts are checked every 10 seconds.